 Dungeon Crawl Stone Soup version 0.21-a0-437-ge5bf024 (webtiles) character file.

918 tilp the Magician (level 7, -4/36 HPs)
             Began as a Deep Elf Fire Elementalist on Nov 9, 2017.
             Shot with an arrow by a centaur (8 damage)
             ... on level 5 of the Dungeon.
             The game lasted 00:19:17 (5887 turns).

tilp the Magician (Deep Elf Fire Elementalist)      Turns: 5887, Time: 00:19:18

Health: -4/36      AC:  6    Str:  5    XL:     7   Next: 83%
Magic:  15/19      EV: 13    Int: 22    God:
Gold:   360        SH:  0    Dex: 19    Spells: 5/20 levels left

rFire    . . .     SeeInvis +   H - +6 great sword "Pedoun Jaroo" {slice, Dex+4 SInv}
rCold    . . .     Gourm    .   (shield currently unavailable)
rNeg     . . .     Faith    .   y - +0 robe (curse)
rPois    .         Spirit   .   (no helmet)
rElec    .         Reflect  .   (no cloak)
rCorr    +         Harm     .   l - +2 pair of gloves
MR       .....                  C - +0 pair of boots
Stlth    ++........             (no amulet)
HPRegen  0.12/turn              k - ring of resist corrosion
MPRegen  0.16/turn              q - ring of flight

@: no status effects
A: no striking features
a: Evoke Flight


You were on level 5 of the Dungeon.
You were not hungry.

You visited 1 branch of the dungeon, and saw 5 of its levels.

You collected 360 gold pieces.

Inventory:

Hand Weapons
 a - a +2 short sword of venom
 b - a +0 hunting sling
 e - a +1 dagger of venom
 r - a +3 hand axe
 B - a +0 dagger of venom
 H - the +6 great sword "Pedoun Jaroo" (weapon) {slice, Dex+4 SInv}
   (You found it on level 5 of the Dungeon)

   It inflicts extra damage upon your enemies.
   It affects your dexterity (+4).
   It lets you see invisible.
Missiles
 f - 198 stones
 p - 25 sling bullets
 v - 28 poisoned needles
 w - 3 tomahawks (quivered)
Armour
 l - a +2 pair of gloves (worn)
 y - a cursed +0 robe (worn)
 C - a +0 pair of boots (worn)
Jewellery
 h - a +4 ring of dexterity {unknown}
 k - a ring of resist corrosion (left hand)
 q - a ring of flight (right hand)
Scrolls
 d - a scroll of recharging {unknown}
 j - 3 scrolls of amnesia
 n - 3 scrolls of remove curse
 t - 3 scrolls of teleportation
 u - 2 scrolls of blinking
 x - a scroll of noise {unknown}
 D - a scroll of magic mapping {unknown}
 E - a scroll of enchant weapon {unknown}
 I - a scroll of enchant armour {unknown}
 J - a scroll of random uselessness {unknown}
Potions
 g - 6 potions of curing
 m - a potion of heal wounds
 o - 3 potions of brilliance
 z - a potion of flight {unknown}
 A - 2 potions of haste {unknown}
 F - 4 potions of lignification {unknown}
Books
 i - a book of Flames

   Spells                             Type                      Level
   a - Flame Tongue                   Conjuration/Fire             1
   b - Throw Flame                    Conjuration/Fire             2
   c - Conjure Flame                  Conjuration/Fire             3
   d - Inner Flame                    Hexes/Fire                   3
   e - Sticky Flame                   Conjuration/Fire             4
   f - Fireball                       Conjuration/Fire             5
Comestibles
 c - 4 bread rations
 s - 2 meat rations
 G - 2 chunks of flesh


   Skills:
 - Level 2.4 Dodging
 - Level 2.4 Stealth
 + Level 7.4 Spellcasting
 + Level 5.6 Conjurations
 + Level 6.5 Fire Magic


You had 5 spell levels left.
You knew the following spells:

 Your Spells              Type           Power        Failure   Level  Hunger
a - Flame Tongue          Conj/Fire      #####        1%          1    None
b - Throw Flame           Conj/Fire      #####.       1%          2    None
c - Conjure Flame         Conj/Fire      #####...     1%          3    None
d - Sticky Flame          Conj/Fire      #####...     6%          4    ###....
e - Fireball              Conj/Fire      #####.....   19%         5    #####..


Dungeon Overview and Level Annotations

Branches:
Dungeon (5/15)
 Temple: D:4-7

Altars:
Ashenzari
Hepliaklqana
Ru
Sif Muna

Shops:
D:5 *

Annotations:
D:4 exclusions: 3 goblins and hobgoblin, Blork the orc


Message History

You see here an arrow.
Casting: Flame Tongue
Confirm with . or Enter, or press ? or * to list all spells.
Aiming: Flame Tongue
Press: ? - help, Shift-Dir - straight line, f/p - centaur
Aim: a centaur, wielding a shortbow (lightly wounded)
The flame tongue hits the centaur.
The centaur is heavily wounded.
The centaur shoots an arrow.
The arrow hits you!
The centaur shoots an arrow.
The arrow hits you!
* * * LOW HITPOINT WARNING * * *
Casting: Flame Tongue
Confirm with . or Enter, or press ? or * to list all spells.
Aiming: Flame Tongue
Press: ? - help, Shift-Dir - straight line, f/p - centaur
Aim: a centaur, wielding a shortbow (heavily wounded)
The flame tongue hits the centaur.
The centaur is almost dead.
The centaur shoots an arrow.
The arrow hits you!
You die...

..........รท.'......##
..........))####......#.
........###.#######.###.
.................##.# #.
..........)......##.###.
#......#...).....##.....
#......#.........#######
#......#.........#
#>...c.@....(....#
#......#(........#
#......#....(....#
#......#.........#
#......###########
#...... # #...... .
####### . .


You could see a centaur.

Vanquished Creatures
  2 sky beasts (D:5)
  A necrophage (D:5)
  An ogre (D:5)
  A phantom (D:4)
  A crimson imp (D:4)
  4 orc wizards
  An orc priest (D:5)
  3 worker ants (D:5)
  2 hound skeletons (D:4)
  A howler monkey skeleton (D:4)
  5 adders
  A shadow imp (D:3)
  3 worms
  2 dart slugs (D:3)
  4 leopard geckos
  19 orcs
  A ball python (D:4)
  8 bats
  5 giant cockroaches
  10 goblins
  8 hobgoblins
  8 jackals
  12 kobolds
  2 quokkas
  2 frilled lizards (D:2)
  9 rats
116 creatures vanquished.

Notes
Turn   | Place    | Note
-------+----------+-------------------------------------------
     0 | D:1      | tilp the Deep Elf Fire Elementalist began the quest for the Orb.
     0 | D:1      | Reached XP level 1. HP: 10/10 MP: 6/6
   372 | D:1      | Reached XP level 2. HP: 15/15 MP: 5/8
   376 | D:1      | Learned a level 2 spell: Throw Flame
  1235 | D:2      | Reached XP level 3. HP: 19/19 MP: 5/10
  1240 | D:2      | Learned a level 3 spell: Conjure Flame
  1545 | D:2      | Found a sacrificial altar of Ru.
  1545 | D:2      | Found a deep blue altar of Sif Muna.
  1799 | D:2      | Reached skill level 4 in Spellcasting
  2244 | D:3      | Reached XP level 4. HP: 24/24 MP: 6/12
  2250 | D:3      | Learned a level 4 spell: Sticky Flame
  3459 | D:4      | Reached XP level 5. HP: 28/28 MP: 9/14
  3580 | D:4      | Reached skill level 5 in Spellcasting
  3727 | D:4      | Noticed Blork the orc
  3792 | D:4      | Noticed a phantom
  3841 | D:4      | Killed a phantom
  3841 | D:4      | Reached skill level 5 in Fire Magic
  3841 | D:4      | Reached XP level 6. HP: 27/32 MP: 3/16
  3888 | D:4      | Learned a level 5 spell: Fireball
  4247 | D:4      | Found a hazy altar of Hepliaklqana.
  4747 | D:5      | Entered Level 5 of the Dungeon
  4766 | D:5      | Got a crystal great sword
  4767 | D:5      | Identified the +6 great sword "Pedoun Jaroo" {slice, Dex+4 SInv} (You found it on level 5 of the Dungeon)
  4784 | D:5      | Reached skill level 6 in Spellcasting
  4849 | D:5      | Found Uczukledwuo's Assorted Antiques.
  4917 | D:5      | Noticed a sky beast
  4930 | D:5      | Killed a sky beast
  5016 | D:5      | Reached XP level 7. HP: 36/36 MP: 14/18
  5307 | D:5      | Found a shattered altar of Ashenzari.
  5356 | D:5      | Reached skill level 5 in Conjurations
  5600 | D:5      | Reached skill level 7 in Spellcasting
  5887 | D:5      | Shot with an arrow by a centaur

Vault maps used:
D:1:      giann_horns, minmay_misc_feat_ornament
D:2:      chequers_temple_overflow_statue_of_worship
D:3:      first_bread, kennysheep_big_empty_room
D:4:      nicolae_overflow_crystal_walls, uniq_blork_the_orc, uniq_robin
D:5:      lemuel_doored_altar, serial_shops, shop

Skill      XL: |  1  2  3  4  5  6  7 |
---------------+----------------------+-----
Conjurations   | 2 3 4 5 |  5.6
Spellcasting   | 4 5 6 7 |  7.4
Fire Magic     | 4 5 6 |  6.5
Dodging        | |  2.4
Stealth        | |  2.4

Action                   |  1- 3 |  4- 6 |  7- 9 || total
-------------------------+-------+-------+-------++-------
Melee: Short sword       |     3 |    30 |       ||    33
       Great sword       |       |     4 |     8 ||    12
Throw: Stone             |    15 |       |       ||    15
 Cast: Flame Tongue      |    43 |    57 |    36 ||   136
       Throw Flame       |    28 |    43 |     2 ||    73
       Conjure Flame     |       |     7 |     3 ||    10
       Sticky Flame      |       |     3 |     1 ||     4
  Use: Scroll            |     5 |     2 |       ||     7
  Eat: Chunk             |     5 |     9 |     3 ||    17
Armor: Robe              |       |    14 |     4 ||    18
Dodge: Dodged            |    11 |    26 |    13 ||    50
       Rpst.: Great sword |       |       |     3 ||     3

Table legend:
 A = Spawn XP
 B = Non-spawn XP
 C = Spawn XP percentage of total XP
 D = Spawn monster count
 E = Non-spawn monster count
 F = Spawn count percentage of total count
 G = Total turns spent on level
                    A         B        C        D         E        F      G
               +---------+---------+-------+---------+---------+-------+---------
         Total |       0 |    1312 |   0.0 |       0 |     116 |   0.0 |  5887
               +---------+---------+-------+---------+---------+-------+---------
           D:1 |       0 |      25 |   0.0 |       0 |      16 |   0.0 |   802
           D:2 |       0 |      45 |   0.0 |       0 |      26 |   0.0 |  1152
           D:3 |       0 |      96 |   0.0 |       0 |      28 |   0.0 |  1263
           D:4 |       0 |     388 |   0.0 |       0 |      27 |   0.0 |  1536
           D:5 |       0 |     758 |   0.0 |       0 |      19 |   0.0 |  1134
               +---------+---------+-------+---------+---------+-------+---------
